 Dungeon Crawl Stone Soup version 0.23-a0-488-g5fd82c5 (webtiles) character file.

732 MisterFreud the Cleaver (level 7, -1/63 HPs)
             Began as a Hill Orc Gladiator on Dec 1, 2018.
             Slain by a killer bee (3 damage)
             ... on level 8 of the Dungeon.
             The game lasted 00:07:25 (3243 turns).

MisterFreud the Cleaver (Hill Orc Gladiator)        Turns: 3243, Time: 00:07:26

Health: -1/63      AC: 13    Str: 19    XL:     7   Next: 73%
Magic:  7/7        EV: 11    Int:  8    God:
Gold:   209        SH:  0    Dex: 12    Spells: 6/6 levels left

rFire    . . .     SeeInvis .   a - +0 war axe
rCold    + . .     Gourm    .   (no shield)
rNeg     + . .     Faith    .   g - +1 ring mail
rPois    .         Spirit   .   e - +2 helmet
rElec    .         Reflect  .   (no cloak)
rCorr    .         Harm     +   (no gloves)
MR       .....                  v - +2 pair of boots
Stlth    +.........             c - amulet of harm
HPRegen  0.20/turn              n - ring of positive energy
MPRegen  0.10/turn              w - ring of protection from cold

@: hasted and slowed
A: no striking features
a: no special abilities


You were on level 8 of the Dungeon.
You were not hungry.

You visited 1 branch of the dungeon, and saw 6 of its levels.

You collected 209 gold pieces.

Inventory:

Hand Weapons
 a - a +0 war axe (weapon)
 r - a +0 hunting sling of flaming
Missiles
 b - 6 arrows
 d - 3 throwing nets (quivered)
 l - 5 tomahawks
 m - 212 stones
 o - 30 bolts
 q - 40 sling bullets
Armour
 e - a +2 helmet (worn)
 g - a +1 ring mail (worn)
 v - a +2 pair of boots (worn)
Jewellery
 c - an amulet of harm (around neck)
 j - an uncursed ring of ice
 n - a ring of positive energy (left hand)
 w - a ring of protection from cold (right hand)
Scrolls
 p - 6 scrolls of teleportation
 s - a scroll of enchant armour
 t - a scroll of remove curse
Comestibles
 f - 13 rations
 u - 4 chunks of flesh


   Skills:
 - Level 6.0 Fighting
 - Level 8.0 Axes
 - Level 1.7 Throwing
 + Level 4.4 Armour
 - Level 2.4 Dodging


You had 6 spell levels left.
You didn't know any spells.
Your spell library was empty.

Dungeon Overview and Level Annotations

Branches:
Dungeon (5/15)
 Temple: D:4-7

Altars:
Fedhas
Gozag
Qazlal

Annotations:
D:8 Erica


Message History

It is a scroll of enchant armour.
Your +0 ring mail glows green for a moment.
You feel less wooden.
Your +2 helmet unmelds from your body.
Your +2 pair of boots unmelds from your body.
Your +1 ring mail unmelds from your body.
The killer bee barely misses you. x2; The killer bee misses you.
The killer bee closely misses you. Something hits you but does no damage.
Unknown command.
You miss the killer bee.
The killer bee is heavily wounded.
You closely miss something. You closely miss the killer bee.
The killer bee stings you but does no damage.
The killer bee barely misses you. The killer bee completely misses you.
The killer bee stings you.
* * * LOW HITPOINT WARNING * * *
You hear some strange, mumbled words.
You feel as though you will be slow longer.
The killer bee barely misses you. The killer bee stings you.
You die...

#.#.# ..#
.).# .. ....
.. #..# .
#?.#.# .##
#..#.#....
.##.##{†....#
......y@..#
###.##y####
... #.### #


You could see 2 killer bees.

Vanquished Creatures
  Edmund (D:4)
  A phantom (D:4)
  A centaur (D:5)
  3 killer bees (D:8)
  3 hounds (D:4)
  A jelly (D:5)
  An orc wizard (D:3)
  An iguana (D:4)
  A worker ant (D:5)
  Robin (D:3)
  3 adders
  An ooze (D:1)
  2 adder skeletons
  2 worms (D:2)
  A dart slug (D:1)
  3 leopard geckos
  11 orcs
  5 giant cockroaches
  2 hobgoblins
  7 jackals
  3 kobolds (D:2)
  5 quokkas
  7 bats
  2 frilled lizards
  13 goblins
  6 rats
87 creatures vanquished.

Notes
Turn   | Place    | Note
-------+----------+-------------------------------------------
     0 | D:1      | MisterFreud the Hill Orc Gladiator began the quest for the
                  | Orb.
     0 | D:1      | Reached XP level 1. HP: 18/18 MP: 1/1
   159 | D:1      | Reached XP level 2. HP: 25/25 MP: 2/2
   434 | D:1      | Reached skill level 5 in Axes
   552 | D:2      | Reached XP level 3. HP: 26/30 MP: 3/3
   573 | D:2      | Found a faded altar of an unknown god.
   828 | D:2      | Reached skill level 6 in Axes
  1039 | D:3      | Reached XP level 4. HP: 33/37 MP: 4/4
  1267 | D:3      | Noticed Robin
  1287 | D:3      | Killed Robin
  1566 | D:3      | Found a blossoming altar of Fedhas.
  1569 | D:3      | Reached skill level 7 in Axes
  1569 | D:3      | Reached XP level 5. HP: 42/42 MP: 5/5
  1753 | D:3      | Found a stormy altar of Qazlal.
  1932 | D:4      | Found an opulent altar of Gozag.
  1977 | D:4      | Reached skill level 8 in Axes
  2323 | D:4      | Noticed Edmund
  2336 | D:4      | Killed Edmund
  2336 | D:4      | Reached XP level 6. HP: 23/53 MP: 6/6
  2585 | D:4      | Noticed a phantom
  2800 | D:4      | Killed a phantom
  2800 | D:4      | Reached skill level 5 in Fighting
  2897 | D:4      | Reached XP level 7. HP: 49/63 MP: 7/7
  2972 | D:4      | Reached skill level 1 in Armour
  3022 | D:5      | Entered Level 5 of the Dungeon
  3213 | D:5      | You fall through a shaft for 3 floors!
  3219 | D:8      | Noticed Erica
  3243 | D:8      | HP: 2/63 [killer bee (3)]
  3243 | D:8      | Slain by a killer bee

Vault maps used:
D:1:      co_arrival_square_in_a_square_in_a_square, serial_corexii_hall,
          corexii_hall_statues_x, chequers_hall_statues_corner_a
D:2:      chequers_ecumenical_altar_island
D:3:      lemuel_doored_altar, overflow_temple_1_default,
          minmay_misc_feat_more_columns, uniq_robin
D:4:      nicolae_gozag_seed_capital, uniq_edmund
D:5:      minmay_temple_entry_poolview, first_ration
D:8:      kennysheep_mini_moat, chequers_temple_overflow_minitemple,
          lair_entry_dummy, serial_co_window_serial, co_window_paths_a,
          co_window_of_opportunity_a, co_window_paths_b, co_window_corner_a,
          co_window_corner_a, co_window_corner_ca, co_window_broadway_a,
          co_window_corner_b, co_window_corner_b, glass_columns_a,
          glass_columns_a, glass_columns_b, glass_columns_a, uniq_erica

Skill      XL: |  1  2  3  4  5  6  7 |
---------------+----------------------+-----
Axes           | 5 6 7 8 |  8.0
Fighting       | 4 6 |  6.0
Armour         | 4 |  4.4
Throwing       | |  1.7
Dodging        | |  2.4

Action                   |  1- 3 |  4- 6 |  7- 9 || total
-------------------------+-------+-------+-------++-------
Melee: War axe           |    85 |   152 |    45 ||   282
  Use: Scroll            |     6 |     6 |     1 ||    13
       Potion            |       |     1 |     5 ||     6
  Eat: Chunk             |     1 |     4 |     3 ||     8
Armor: Ring mail         |    39 |    69 |     7 ||   115
       Skin              |       |       |   147 ||   147
Dodge: Dodged            |    76 |   104 |    42 ||   222

Table legend:
 A = Non-vault XP
 B = Vault XP
 C = Vault XP percentage of total XP
 D = Non-vault monster count
 E = Vault monster count
 F = Vault count percentage of total count
                 A         B        C        D         E       F
            +---------+---------+-------+---------+---------+-------
      Total |     865 |     181 |  17.3 |      79 |       8 |   9.2
            +---------+---------+-------+---------+---------+-------
        D:1 |      22 |       0 |   0.0 |       8 |       0 |   0.0
        D:2 |      56 |       0 |   0.0 |      24 |       0 |   0.0
        D:3 |      81 |      27 |  25.0 |      22 |       7 |  24.1
        D:4 |     335 |     154 |  31.5 |      18 |       1 |   5.3
        D:5 |     190 |       0 |   0.0 |       4 |       0 |   0.0
        D:8 |     181 |       0 |   0.0 |       3 |       0 |   0.0
            +---------+---------+-------+---------+---------+-------
